 Dungeon Crawl Stone Soup version 0.21.1-1-g345015fe64 (webtiles) character file.

868 RaHiT the Nimble (level 7, -6/36 HPs)
             Began as a Spriggan Gladiator on Mar 27, 2018.
             Was an Initiate of Trog.
             Killed by divine providence
             ... invoked by an orc priest
              (10 damage)
             ... on level 4 of the Dungeon.
             The game lasted 00:10:47 (3675 turns).

RaHiT the Nimble (Spriggan Gladiator)               Turns: 3675, Time: 00:10:47

Health: -6/36      AC:  4    Str: 10    XL:     7   Next: 73%
Magic:  0/8        EV: 26    Int:  9    God:    Trog [......]
Gold:   265        SH:  0    Dex: 20    Spells: 6/6 levels left

rFire    . . .     SeeInvis +   r - +4 quarterstaff (chaos)
rCold    . . .     Gourm    .   (shield currently unavailable)
rNeg     . . .     Faith    .   w - +1 robe of a ziggurat {rElec rPois} (curse)
rPois    +         Spirit   +   c - +0 hat
rElec    +         Reflect  .   s - +0 cloak
rCorr    .         Harm     .   (gloves unavailable)
MR       +....                  (boots unavailable)
Stlth    ++........             j - amulet of guardian spirit
HPRegen  0.12/turn              h - ring of poison resistance
MPRegen  0.11/turn              (no ring)

@: very quick
A: very small, unfitting armour, see invisible, herbivore, speed 3, slow
metabolism 2
a: Burn Spellbooks, Renounce Religion


You were on level 4 of the Dungeon.
You worshipped Trog.
Trog was noncommittal.
You were hungry.

You visited 2 branches of the dungeon, and saw 5 of its levels.

You collected 265 gold pieces.

Inventory:

Hand Weapons
 a - a +0 quarterstaff
 r - a +4 quarterstaff of chaos (weapon)
Missiles
 d - 5 throwing nets
 k - 18 poisoned needles
 p - 8 tomahawks (quivered)
Armour
 b - a +0 robe
 c - a +0 hat (worn)
 s - a +0 cloak (worn)
 w - the cursed +1 robe of a ziggurat (worn) {rElec rPois}
   (You took it off an orc on level 4 of the Dungeon)

   It insulates you from electricity.
   It protects you from poison.
   It has a curse placed upon it.
Jewellery
 h - a ring of poison resistance (left hand)
 j - an amulet of guardian spirit (around neck)
Scrolls
 i - a scroll of teleportation
 l - 3 scrolls of remove curse
 m - a scroll of fog
 o - 2 scrolls of immolation {unknown}
 q - a scroll of magic mapping {unknown}
 u - a scroll of blinking {unknown}
 x - a scroll of amnesia {unknown}
Potions
 e - 2 potions of curing
 g - a potion of might {unknown}
 n - a potion of ambrosia {unknown}
 t - 2 potions of mutation {unknown}
 v - a potion of magic {unknown}
Comestibles
 f - 10 rations


   Skills:
 - Level 3.0 Fighting
 + Level 4.7 Staves
 - Level 3.0 Throwing
 + Level 9.1 Dodging


You had 6 spell levels left.
You didn't know any spells.

Dungeon Overview and Level Annotations

Branches:
Dungeon (4/15)             Temple (1/1) D:4

Altars:
Cheibriados
Dithmenos
Elyvilon
Hepliaklqana
Kikubaaqudgha
Makhleb
Nemelex Xobeh
Okawaru
Qazlal
Ru
Sif Muna
Trog
Vehumet
Wu Jian
Xom
Yredelemnul
The Shining One

Annotations:
D:4 Eustachio


Innate Abilities, Weirdness & Mutations

You are very small and have problems with some larger weapons.
You are too small for most types of armour.
You have supernaturally acute eyesight. (SInv)
You are a herbivore.
You cover ground extremely quickly.
You need consume almost no food.


Message History

The orc priest calls down the wrath of Beogh upon you.
Beogh smites you!
The orc priest invokes the aid of Beogh against you.
Beogh smites you!
You hear an angry hiss.
You closely miss the orc priest.
The orc priest hits you but does no damage.
The orc priest calls down the wrath of Beogh upon you.
Pain shoots through your body!
A frilled lizard comes into view.
Things that are here:
a dagger; a robe Eustachio mumbles some strange words.
Eustachio casts a spell.
The orc priest calls down the wrath of Beogh upon you.
Pain shoots through your body!
* * * LOW HITPOINT WARNING * * *
The orc priest mumbles some strange prayers to Beogh against you.
Beogh smites you!
You die...

###########
#############.........# .....
..............#######.# ..@..
.....########## ##.# ### .....
.###...>..### ##..###.# ....@
...######...#######..###r.##....o
##.....####..##.......oorl@#.oo..
######..####....@#########(#.....
...#............### #..l.#
##...#######..#...# ####.#
.....####.###...### # ####......#
#.⌠.# .......######...####
....##..#..........#
.....##.#..⌠..>..⌠.#
...................#


You could see 2 orc priests.

Vanquished Creatures
  The ghost of BrokenGlass the Sneak, an amateur OpAs (D:3)
  Duvessa (D:4)
  2 ogres
  Blork the orc (D:4)
  Dowan (D:4)
  A centaur skeleton (D:4)
  Crazy Yiuf (D:2)
  2 orc wizards (D:4)
  4 gnolls
  4 adders
  An adder zombie (D:2)
  3 worms
  A dart slug (D:2)
  3 leopard geckos
  10 orcs
  A ball python (D:1)
  5 giant cockroaches
  8 goblins
  9 hobgoblins
  3 jackals (D:2)
  7 bats
  9 frilled lizards
  A jackal skeleton (D:2)
  4 kobolds
  2 leopard gecko skeletons
  A quokka zombie (D:2)
  12 rats
98 creatures vanquished.

Vanquished Creatures (others)
  A dart slug (D:2)
1 creature vanquished.

Grand Total: 99 creatures vanquished

Notes
Turn   | Place    | Note
-------+----------+-------------------------------------------
     0 | D:1      | RaHiT the Spriggan Gladiator began the quest for the Orb.
     0 | D:1      | Reached XP level 1. HP: 10/10 MP: 2/2
   232 | D:1      | Reached XP level 2. HP: 14/15 MP: 3/3
   519 | D:1      | Reached skill level 5 in Dodging
   884 | D:2      | Reached XP level 3. HP: 18/18 MP: 4/4
  1449 | D:2      | Reached XP level 4. HP: 8/23 MP: 1/5
  1478 | D:2      | Reached skill level 6 in Dodging
  1541 | D:2      | Found a radiant altar of Vehumet.
  1852 | D:2      | Found a runed door.
  1856 | D:2      | Noticed Crazy Yiuf
  1884 | D:2      | Killed Crazy Yiuf
  2105 | D:3      | Reached XP level 5. HP: 17/26 MP: 4/6
  2241 | D:3      | Noticed BrokenGlass's ghost (amateur OpAs)
  2250 | D:3      | Killed BrokenGlass's ghost
  2250 | D:3      | Reached skill level 7 in Dodging
  2250 | D:3      | Reached XP level 6. HP: 29/30 MP: 5/7
  2655 | D:4      | Noticed Duvessa
  2658 | D:4      | Noticed Dowan
  2675 | D:4      | Killed Duvessa
  2675 | D:4      | Reached skill level 8 in Dodging
  2679 | D:4      | Killed Dowan
  2679 | D:4      | Reached XP level 7. HP: 13/35 MP: 3/8
  3060 | D:4      | Found a hazy altar of Hepliaklqana.
  3061 | D:4      | Noticed Blork the orc
  3070 | D:4      | Killed Blork the orc
  3182 | D:4      | Got a brightly glowing robe
  3199 | D:4      | Identified the cursed +1 robe of a ziggurat {rElec rPois} (You took it off an orc on level 4 of the Dungeon)
  3212 | D:4      | Found a staircase to the Ecumenical Temple.
  3266 | D:4      | Reached skill level 9 in Dodging
  3330 | Temple   | Entered the Ecumenical Temple
  3466 | Temple   | Became a worshipper of Trog the Wrathful
  3649 | D:4      | Noticed Eustachio
  3675 | D:4      | Killed from afar by an orc priest

Skill      XL: |  1  2  3  4  5  6  7 |
---------------+----------------------+-----
Fighting       | 2 3 |  3.0
Dodging        | 5 6 7 8 9 |  9.1
Staves         | 3 4 |  4.7
Throwing       | 3 |  3.0

Action                   |  1- 3 |  4- 6 |  7- 9 || total
-------------------------+-------+-------+-------++-------
Melee: Quarterstaff      |   129 |    90 |    47 ||   266
Throw: Tomahawk          |       |    22 |    14 ||    36
  Use: Scroll            |     2 |     2 |       ||     4
       Potion            |       |     1 |       ||     1
 Stab: Sleeping          |     5 |     2 |     1 ||     8
       Paralysed         |       |     1 |       ||     1
Armor: Robe              |    10 |     5 |     4 ||    19
Dodge: Dodged            |   117 |    53 |    40 ||   210
